 Dungeon Crawl Stone Soup version 0.20.1-1-g8b1a95d66d (webtiles) character file.

205 Popi the Ducker (level 6, -2/47 HPs)
             Began as a Human Fighter on Dec 17, 2017.
             Slain by a gnoll
             ... wielding a +0 spear
              (3 damage)
             ... on level 3 of the Dungeon.
             The game lasted 00:05:09 (2576 turns).

Popi the Ducker (Human Fighter)                     Turns: 2576, Time: 00:05:09

Health: -2/47      AC:  6    Str: 18    XL:     6   Next: 9%
Magic:  6/6        EV: 11    Int:  8    God:
Gold:   112        SH:  0    Dex: 13    Spells: 5/5 levels left

rFire    . . .     SeeInvis .   a - +0 long sword
rCold    . . .     Gourm    .   (no shield)
rNeg     . . .     Faith    .   b - +0 scale mail
rPois    .         Spirit   .   (no helmet)
rElec    .         Reflect  .   (no cloak)
rCorr    .         Harm     .   (no gloves)
MR       .....                  (no boots)
Stlth    ..........             (no amulet)
Regen    0.2/turn               (no ring)
MPRegen  0.1/turn               (no ring)

@: no status effects
A: no striking features
a: no special abilities


You were on level 3 of the Dungeon.
You were hungry.

You visited 1 branch of the dungeon, and saw 4 of its levels.

You collected 112 gold pieces.

Inventory:

Hand Weapons
 a - a +0 long sword (weapon)
Armour
 b - a +0 scale mail (worn)
 c - a +0 shield
Jewellery
 k - an uncursed amulet of guardian spirit {unknown}
 r - an uncursed amulet of the gourmand {unknown}
Scrolls
 e - a scroll of blinking
 j - a scroll of recharging {unknown}
 l - 2 scrolls of immolation {unknown}
 n - 2 scrolls of enchant weapon {unknown}
 q - a scroll of amnesia {unknown}
 t - 6 scrolls of identify {unknown}
 u - a scroll of remove curse
Potions
 d - 2 potions of might
 h - 3 potions of curing {unknown}
 i - a potion of degeneration {unknown}
 p - a potion of brilliance {unknown}
 s - a potion of flight {unknown}
 v - a potion of berserk rage {unknown}
 w - a potion of invisibility {unknown}
 x - a potion of magic {unknown}
Comestibles
 f - 4 bread rations
 g - 3 meat rations
 m - 2 fruits
 o - 2 royal jellies


   Skills:
 - Level 3.0 Fighting
 + Level 3.9 Long Blades
 - Level 3.0 Armour
 - Level 4.1 Dodging
 - Level 3.0 Shields


You had 5 spell levels left.
You didn't know any spells.

Dungeon Overview and Level Annotations

Branches:
Dungeon (4/15)
 Temple: D:4-7

Altars:
Elyvilon
Kikubaaqudgha
Nemelex Xobeh
Xom
Yredelemnul


Message History

* * * LOW HITPOINT WARNING * * *
You hit the gnoll.
The gnoll is lightly wounded.
The gnoll misses you. The gnoll closely misses you.
The gnoll hits you with a spear.
* * * LOW HITPOINT WARNING * * *
You barely miss the gnoll.
The gnoll is lightly wounded.
The gnoll closely misses you. The gnoll hits you with a spear.
* * * LOW HITPOINT WARNING * * *
You hit the gnoll.
The gnoll is lightly wounded.
The gnoll hits you but does no damage. The gnoll hits you with a spear.
* * * LOW HITPOINT WARNING * * *
The gnoll hits you from afar with a spear.
* * * LOW HITPOINT WARNING * * *
The gnoll barely misses you.
You riposte.
You hit the gnoll.
The gnoll is moderately wounded.
The gnoll hits you from afar with a spear.
You die...

.# #.#.##.###
#.###### ##
##.#.#....###......#
#######
#..............(....
......#
#.#####....######...
#####.# #.# #....#
#..# #.# #.# #....#
#..# ## #.# #.#.#
#....# #..# .# #.#
#.#g#####....# #..#
.# #.#
#.#.#>.@......##
#... .# #.#
#.#.#g######..# #.#
.# #.# #.#.#.# #...
.####.# #.#.#g#
#..## ......#
#.#.#.## #.##
.###### #.#..#.##
#.# .#
#.#.###.####.### g#
#..## ##........ .#
#.#.###.#####.##


You could see 2 gnolls.

Vanquished Creatures
  A gnoll shaman (D:3)
  Terence (D:2)
  4 gnolls
  5 adders
  2 oozes
  A worm (D:2)
  2 leopard geckos (D:2)
  6 giant cockroaches
  6 goblins
  6 hobgoblins
  11 bats
  4 frilled lizards
  3 kobolds (D:1)
  8 rats
60 creatures vanquished.

Notes
Turn   | Place    | Note
-------+----------+-------------------------------------------
     0 | D:1      | Popi the Human Fighter began the quest for the Orb.
     0 | D:1      | Reached XP level 1. HP: 18/18 MP: 1/1
   120 | D:1      | Reached skill level 1 in Dodging
   221 | D:1      | Reached XP level 2. HP: 16/24 MP: 2/2
   701 | D:1      | Reached skill level 2 in Dodging
   753 | D:1      | Reached XP level 3. HP: 23/29 MP: 3/3
  1171 | D:2      | Reached skill level 3 in Dodging
  1306 | D:2      | Reached XP level 4. HP: 33/35 MP: 4/4
  1465 | D:2      | Noticed Terence
  1483 | D:2      | Killed Terence
  1483 | D:2      | Reached skill level 4 in Dodging
  1483 | D:2      | Reached XP level 5. HP: 32/41 MP: 5/5
  1531 | D:2      | Found a sparkling altar of Nemelex Xobeh.
  1704 | D:2      | Found a basalt altar of Yredelemnul.
  1704 | D:2      | Found an ancient bone altar of Kikubaaqudgha.
  1705 | D:2      | Found a white marble altar of Elyvilon.
  1738 | D:2      | Found a shimmering altar of Xom.
  2461 | D:3      | Found a faded altar of an unknown god.
  2489 | D:3      | Reached XP level 6. HP: 28/47 MP: 6/6
  2575 | D:3      | HP: 1/47 [gnoll/spear (3)]
  2576 | D:3      | Slain by a gnoll

Skill      XL: |  1  2  3  4  5 |
---------------+----------------+-----
Dodging        | 1 2 3 4 |  4.1
Long Blades    | 3 |  3.9
Fighting       | |  3.0
Armour         | |  3.0
Shields        | |  3.0

Action                   |  1- 3 |  4- 6 || total
-------------------------+-------+-------++-------
Melee: Long sword        |    92 |   112 ||   204
  Use: Scroll            |     2 |       ||     2
       Potion            |       |     1 ||     1
  Eat: Chunk             |     1 |     4 ||     5
Armor: Scale mail        |    66 |    53 ||   119
Dodge: Dodged            |    77 |    83 ||   160
       Rpst.: Long sword |    24 |    28 ||    52
